 Dungeon Crawl Stone Soup version 0.30-b1-2-g02819fbbbe (webtiles) character file.

Game seed: 14948601211773688767

18 rcg1917 the Covered (level 2, 0/19 HPs)
             Began as a Gargoyle Fighter on May 30, 2023.
             Slain by an adder (3 damage)
             ... on level 2 of the Dungeon.
             The game lasted 00:03:33 (1013 turns).

rcg1917 the Covered (Gargoyle Fighter)              Turns: 1013, Time: 00:03:35

Health: 0/19       AC:  6    Str: 19    XL:     2   Next: 70%
Magic:  2/2        EV: 10    Int:  8    God:
Gold:   44         SH:  4    Dex:  9    Spells: 1/1 levels left

rFire   . . .        a - +0 flail
rCold   . . .        c - +0 buckler
rNeg    + . .        f - +0 leather armour
rPois   ∞            (no helmet)
rElec   +            (no cloak)
rCorr   .            (no gloves)
SInv    .            (no boots)
Will    .....        (no amulet)
Stlth   +            (no ring)
HPRegen 0.23/turn    (no ring)
MPRegen 0.08/turn

%: no passive effects
@: no status effects
A: sickness immunity, AC +2, negative energy resistance 1, electricity
resistance, torment resistance 1, petrification resistance
a: no special abilities


You were on level 2 of the Dungeon.
You visited 1 branch of the dungeon, and saw 2 of its levels.

You collected 44 gold pieces.

Inventory:

Hand Weapons
 a - a +0 flail (weapon)
Missiles
 e - 23 stones (quivered)
 h - 4 poisoned darts
Armour
 b - a +0 scale mail
 c - a +0 buckler (worn)
 f - a +0 leather armour (worn)
 m - a +0 leather armour
Scrolls
 g - a scroll of fog {unknown}
 j - a scroll of identify {unknown}
 k - a scroll of magic mapping {unknown}
 n - 2 scrolls of teleportation {unknown}
 o - a scroll of vulnerability {unknown}
Potions
 d - 2 potions of might
 i - a potion of heal wounds {unknown}
 l - a potion of flight {unknown}


   Skills:
 + Level 3.6 Fighting
 + Level 2.1 Maces & Flails
 + Level 3.6 Armour
 + Level 3.5 Shields


You had one spell level left.
You didn't know any spells.
Your spell library contained the following spells:

 Spells                   Type           Power      Damage    Failure   Level
 Beastly Appendage        Tmut           0%         N/A       54%         1
 Wereblood                Tmut           0%         N/A       67%         2
 Spider Form              Tmut/Pois      0%         N/A       88%         3


Dungeon Overview and Level Annotations

Branches:
Dungeon (2/15)

Altars:

Shops:
D:1 (


Innate Abilities, Weirdness & Mutations

You are immune to sickness and miasma.
Your stone body is resilient. (AC +2)
You are immune to poison.
You resist negative energy. (rN+)
You are resistant to electric shocks. (rElec)
You are resistant to unholy torment.
You are immune to petrification.


Message History

HP restored.
A frilled lizard comes into view.
Found a scroll labelled VUYKYAJERI.
You barely miss the frilled lizard.
The frilled lizard bites you but does no damage. x2
You closely miss the frilled lizard. The frilled lizard barely misses you.
You miss the frilled lizard. The frilled lizard bites you.
You barely miss the frilled lizard. The frilled lizard barely misses you.
The frilled lizard bites you but does no damage.
You barely miss the frilled lizard.
The frilled lizard bites you but does no damage.
You thump the frilled lizard!
You kill the frilled lizard!
o - a scroll labelled VUYKYAJERI A hobgoblin and an adder come into view.
Found a club and a scroll labelled EVEWIA BUMIN.
The hobgoblin shouts!
The adder hisses angrily.
A rat comes into view.
The adder attacks as you move away! The adder bites you.
You closely miss the adder. You block the adder's attack.
The adder closely misses you.
You closely miss the adder. The adder barely misses you.
You block the hobgoblin's attack.
You hit the adder.
The adder is heavily wounded.
The adder barely misses you. You block the hobgoblin's attack.
You block the adder's attack.
The hobgoblin hits you from afar with a +0 spear!
You miss the adder.
The adder is heavily wounded.
The adder misses you. The adder bites you.
The hobgoblin hits you from afar with a +0 spear.
* * * LOW HITPOINT WARNING * * *
You barely miss the adder.
The adder is heavily wounded.
The adder bites you.
* * * LOW HITPOINT WARNING * * *
The hobgoblin closely misses you. The rat bites you but does no damage.
The adder bites you.
You die...

##..........##
#............#
#............#
#............#####
##........<.......
##...##....####
##.####.....### ##
##.# #.......####
....####@.#
#..........#
#....rS##
#######....(
....###.g# ###...
# #..# #... ##..#
#.... ...# ......
.##.. #.##.#. ).
... ... #... #?
.... #.# ....


You could see an adder, a hobgoblin and a rat.

Vanquished Creatures
  2 ball pythons (D:1)
  2 endoplasms (D:2)
  A giant cockroach (D:1)
  2 goblins (D:1)
  A hobgoblin (D:1)
  3 jackals (D:1)
  3 frilled lizards
  3 rats
17 creatures vanquished.

Notes
Turn   | Place    | Note
-------+----------+-------------------------------------------
     0 | D:1      | rcg1917 the Gargoyle Fighter began the quest for the Orb.
     0 | D:1      | Reached XP level 1. HP: 14/14 MP: 1/1
   366 | D:1      | Reached XP level 2. HP: 19/19 MP: 2/2
   416 | D:1      | Found Nica's Antique Weapon Shoppe.
  1013 | D:2      | Slain by an adder

Illustrated notes

Levels and vault maps discovered:
D:1:      dpeg_arrival_arbitrary_c, layout_basic, serial_shops,
          nicolae_shop_rolling_square
D:2:      layout_rooms, hex_intersection

Action                     || total
---------------------------++-------
  Melee: Flail             ||    51
  Throw: Dart              ||     1
 Armour: Leather armour    ||    26
         Scale mail        ||     1
  Dodge: Dodged            ||    34
  Block: Buckler           ||    13
